Predators vs Canucks

Created - Sunday, November 02, 2014 at 23:48

Goals
1 2 3 OT1 SO T
Predators 0 0 1 0 2 2
Canucks 0 0 1 0 0 1
Shots
1 2 3 OT1 SO T
Predators 7 8 10 2 3 27
Canucks 8 9 10 3 2 30

1st period

No Goal

Penalties :
Corey Perry (Nsh) for High sticking (Minor) at 10:35, Ryane Clowe (Van) for Tripping (Minor) at 17:09

2nd period

No Goal

Penalties :
Niklas Hjalmarsson (Van) for Hooking (Minor) at 1:28, Corey Perry (Nsh) for Tripping (Minor) at 7:31, Andrei Markov (Van) for Hooking (Minor) at 12:38

3rd period

1. Canucks , Brendan Gallagher 1 (Ryane Clowe, Cody Hodgson) at 12:11 (PP)
2. Predators , Valtteri Filppula 2 (Nick Schultz, Ed Jovanovski) at 14:05

Penalties :
Nick Schultz (Nsh) for Holding (Minor) at 2:52, Brian Lashoff (Nsh) for High sticking (Minor) at 11:10, Brendan Gallagher (Van) for Interference (Minor) at 14:20

Overtime #1

No Goal

Penalties :
No Penalty

Shootout

Penalty Shot by Corey Perry for Predators - Goal!
Penalty Shot by Pavel Datsyuk for Canucks - Stopped by Kari Lehtonen
Penalty Shot by Antoine Vermette for Predators - Stopped by Ben Bishop
Penalty Shot by Mason Raymond for Canucks - Shot Misses the Net
Penalty Shot by Patrice Bergeron for Predators - Goal!

Penalties :
No Penalty

Goalie Stats

Kari Lehtonen (Nsh), 29 saves from 30 shots - (0.967), W, 7-3-0, 65:00 minutes
Ben Bishop (Van), 26 saves from 27 shots - (0.963), OTL, 8-3-1, 65:00 minutes

Players Stats for Predators

Player Name              G  A  P  +/- PIM S  H  SB GA TA FO     MP     PP MP  PK MP  
------------------------------------------------------------------------------------
Andy Greene              0  0  0   0  0   2  1  1  0  2  0/0    28:32   3:54   4:05 
Antoine Vermette         0  0  0   1  0   1  1  1  1  0  10/14  22:28   4:05   4:51 
Ben Smith                0  0  0   0  0   0  1  1  0  1  0/0     6:46   0:00   0:00 
Brian Lashoff            0  0  0   0  2   1  0  0  0  0  0/0    13:42   0:00   0:00 
Cody Eakin               0  0  0   0  0   1  0  0  1  1  1/2    17:48   0:00   2:03 
Corey Perry              0  0  0   1  4   3  2  0  3  1  1/6    25:55   3:45   1:43 
Damien Brunner           0  0  0   0  0   1  0  0  0  0  0/0    13:07   0:00   0:00 
Ed Jovanovski            0  1  1   1  0   1  1  1  0  2  0/0    22:45   4:02   2:53 
Eric Fehr                0  0  0   0  0   0  3  0  0  0  1/2    18:51   3:51   0:33 
Evander Kane             0  0  0   0  0   3  3  1  3  0  0/0    17:00   3:51   0:00 
Jyrki Jokipakka          0  0  0   0  0   0  1  2  0  0  0/0     4:37   0:00   0:00 
Nick Schultz             0  1  1   1  2   4  0  2  0  1  0/0    21:55   4:02   2:04 
Patrice Bergeron         0  0  0   0  0   0  3  2  3  1  12/16  18:04   3:29   1:02 
Patrick Maroon           0  0  0   0  0   3  1  1  1  0  0/3    10:33   0:00   2:42 
Roman Josi               0  0  0   0  0   0  3  0  1  1  0/0    23:55   3:54   4:05 
Tomas Plekanec           0  0  0   0  0   2  2  0  1  0  4/10   15:43   0:42   0:00 
Valtteri Filppula        1  0  1   1  0   4  0  1  5  1  1/1    16:28   4:05   1:02 
Victor Bartley           0  0  0   0  0   1  0  1  0  1  0/0    14:49   0:00   0:49 

Players Stats for Canucks

Player Name              G  A  P  +/- PIM S  H  SB GA TA FO     MP     PP MP  PK MP  
------------------------------------------------------------------------------------
Andrei Markov            0  0  0   0  2   1  5  1  0  4  0/0    28:44   4:27   4:20 
Boyd Gordon              0  0  0  -1  0   1  3  1  1  0  9/18   18:00   0:00   5:26 
Brendan Gallagher        1  0  1   0  2   2  1  0  1  1  2/3    17:41   3:26   0:00 
Christopher Tanev        0  0  0  -1  0   3  2  2  0  0  0/0    21:25   2:31   2:12 
Clarke MacArthur         0  0  0   0  0   2  4  0  4  0  0/0    20:09   3:32   1:27 
Cody Hodgson             0  1  1   0  0   6  1  2  3  0  1/9    16:38   3:26   0:00 
James Wright             0  0  0   0  0   0  1  0  0  0  0/0    13:34   0:00   5:01 
Jared Cowen              0  0  0   0  0   1  0  1  1  2  0/0    13:17   0:00   0:00 
Kyle Brodziak            0  0  0   0  0   2  1  0  0  0  3/5    11:09   0:00   2:30 
Mason Raymond            0  0  0  -1  0   2  0  0  6  0  0/0    13:10   0:00   0:00 
Michael Grabner          0  0  0   0  0   2  2  0  2  0  0/0    15:48   3:32   0:00 
Niklas Hjalmarsson       0  0  0  -1  2   0  1  0  0  1  0/0    21:03   2:31   1:42 
Pavel Datsyuk            0  0  0   0  0   4  0  0  5  0  9/19   18:11   3:32   0:00 
Ryan White               0  0  0  -1  0   0  5  0  1  0  0/0    13:11   0:00   1:28 
Ryane Clowe              0  1  1   0  2   1  4  0  0  0  0/0    16:40   3:26   0:00 
Victor Hedman            0  0  0   0  0   1  1  3  1  3  0/0    30:18   4:27   5:44 
Willie Mitchell          0  0  0   0  0   2  0  0  0  0  0/0    15:21   0:00   1:54 
Zack Kassian             0  0  0   0  0   0  1  0  0  0  0/0     7:41   0:00   0:00 

3 Stars

1 - Kari Lehtonen (Nsh)
2 - Ben Bishop (Van)
3 - Valtteri Filppula (Nsh)

Power Play

Predators - 0 on 4 Attempt(s) - 0.00%
Canucks - 1 on 4 Attempt(s) - 25.00%

Penalty Kill

Predators - 3 on 4 Attempt(s) - 75.00% - Score 0 goal in Penalty Kill
Canucks - 4 on 4 Attempt(s) - 100.00% - Score 0 goal in Penalty Kill

Official

Referees : Unknown
Linesman : Unknown

Game Notes

No Game Note

Finance

Level 1 -- Attendance: 3985 (66.42%) -- Ticket Income $398,500
Level 2 -- Attendance: 3528 (70.56%) -- Ticket Income $211,680
Level 3 -- Attendance: 1584 (79.20%) -- Ticket Income $55,440
Level 4 -- Attendance: 3072 (76.80%) -- Ticket Income $61,440
Luxury Box -- Attendance: 785 (78.50%) -- Ticket Income $157,000
Game was played at the Rogers Place
Total Attendance: 12954 (71.97%)
Total Ticket Income: $884,060
Other Income: $433,189
Total Income: $1,317,249

Predators

5 vs 5 Forward 
   Center                   Left Wing                Right Wing               Time % Phy DF OF 
 1 Antoine Vermette         Valtteri Filppula        Corey Perry              35     1   2  2  
 2 Patrice Bergeron         Evander Kane             Eric Fehr                30     1   2  2  
 3 Tomas Plekanec           Cody Eakin               Damien Brunner           22     1   2  2  
 4 Corey Perry              Patrick Maroon           Ben Smith                13     1   2  2  

5 vs 5 Defense 
   Defense                  Defense                                           Time % Phy DF OF 
 1 Andy Greene              Roman Josi                                        35     1   2  2  
 2 Nick Schultz             Ed Jovanovski                                     30     1   2  2  
 3 Brian Lashoff            Victor Bartley                                    22     1   2  2  
 4 Jyrki Jokipakka          Andy Greene                                       13     1   2  2  

PowerPlay Forward 
   Center                   Left Wing                Right Wing               Time % Phy DF OF 
 1 Antoine Vermette         Valtteri Filppula        Corey Perry              60     1   2  2  
 2 Patrice Bergeron         Evander Kane             Eric Fehr                40     1   2  2  

PowerPlay Defense
   Defense                  Defense                                           Time % Phy DF OF 
 1 Andy Greene              Roman Josi                                        60     1   2  2  
 2 Nick Schultz             Ed Jovanovski                                     40     1   2  2  

Penalty Kill 4 Players Forward 
   Center                   Wing                     Time % Phy DF OF 
 1 Corey Perry              Antoine Vermette         60     1   2  2  
 2 Patrice Bergeron         Valtteri Filppula        40     1   2  2  

Penalty Kill 4 Players Defense
   Defense                  Defense                  Time % Phy DF OF 
 1 Andy Greene              Roman Josi               60     1   2  2  
 2 Nick Schultz             Ed Jovanovski            40     1   2  2  

Penalty Kill - 3 Players Forward 
   Forward                                           Time % Phy DF OF 
 1 Corey Perry                                       60     1   2  2  
 2 Antoine Vermette                                  40     1   2  2  

Penalty Kill - 3 Players Defense
   Defense                  Defense                  Time % Phy DF OF 
 1 Andy Greene              Roman Josi               60     1   2  2  
 2 Nick Schultz             Ed Jovanovski            40     1   2  2  

4 vs 4 Forward 
   Center                   Wing                     Time % Phy DF OF 
 1 Corey Perry              Antoine Vermette         60     1   2  2  
 2 Patrice Bergeron         Valtteri Filppula        40     1   2  2  

4 vs 4 Defense
   Defense                  Defense                  Time % Phy DF OF 
 1 Andy Greene              Roman Josi               60     1   2  2  
 2 Nick Schultz             Ed Jovanovski            40     1   2  2  

Last Minutes Offensive
   Center                   Left Wing                Right Wing               Defense                  Defense                  
   Antoine Vermette         Valtteri Filppula        Corey Perry              Andy Greene              Roman Josi               

Last Minutes Defensive
   Center                   Left Wing                Right Wing               Defense                  Defense                  
   Antoine Vermette         Valtteri Filppula        Corey Perry              Andy Greene              Roman Josi               

Goaltenders
Starting : Kari Lehtonen            
Backup : Anders Lindback          

Extra Forwards
Normal : Tomas Plekanec, Cody Eakin, Patrick Maroon - PP : Tomas Plekanec, Cody Eakin - PK : Patrick Maroon
Extra Defensemen
Normal : Brian Lashoff, Victor Bartley, Jyrki Jokipakka - PP : Brian Lashoff - PK : Victor Bartley, Jyrki Jokipakka
Penalty Shots
Corey Perry, Antoine Vermette, Patrice Bergeron, Valtteri Filppula, Evander Kane

Canucks

5 vs 5 Forward 
   Center                   Left Wing                Right Wing               Time % Phy DF OF 
 1 Pavel Datsyuk            Clarke MacArthur         Brendan Gallagher        35     1   2  2  
 2 Cody Hodgson             Ryane Clowe              Michael Grabner          30     1   2  2  
 3 Boyd Gordon              Mason Raymond            Ryan White               22     1   2  2  
 4 Kyle Brodziak            James Wright             Zack Kassian             13     1   2  2  

5 vs 5 Defense 
   Defense                  Defense                                           Time % Phy DF OF 
 1 Andrei Markov            Victor Hedman                                     35     1   2  2  
 2 Niklas Hjalmarsson       Christopher Tanev                                 30     1   2  2  
 3 Jared Cowen              Willie Mitchell                                   22     1   2  2  
 4 Andrei Markov            Victor Hedman                                     13     1   2  2  

PowerPlay Forward 
   Center                   Left Wing                Right Wing               Time % Phy DF OF 
 1 Pavel Datsyuk            Clarke MacArthur         Michael Grabner          60     1   2  2  
 2 Cody Hodgson             Ryane Clowe              Brendan Gallagher        40     1   2  2  

PowerPlay Defense
   Defense                  Defense                                           Time % Phy DF OF 
 1 Andrei Markov            Victor Hedman                                     60     1   2  2  
 2 Niklas Hjalmarsson       Christopher Tanev                                 40     1   2  2  

Penalty Kill 4 Players Forward 
   Center                   Wing                     Time % Phy DF OF 
 1 Boyd Gordon              James Wright             60     1   2  2  
 2 Kyle Brodziak            Ryan White               40     1   2  2  

Penalty Kill 4 Players Defense
   Defense                  Defense                  Time % Phy DF OF 
 1 Andrei Markov            Victor Hedman            60     1   2  2  
 2 Niklas Hjalmarsson       Christopher Tanev        40     1   2  2  

Penalty Kill - 3 Players Forward 
   Forward                                           Time % Phy DF OF 
 1 Boyd Gordon                                       60     1   2  2  
 2 Kyle Brodziak                                     40     1   2  2  

Penalty Kill - 3 Players Defense
   Defense                  Defense                  Time % Phy DF OF 
 1 Andrei Markov            Victor Hedman            60     1   2  2  
 2 Niklas Hjalmarsson       Christopher Tanev        40     1   2  2  

4 vs 4 Forward 
   Center                   Wing                     Time % Phy DF OF 
 1 Pavel Datsyuk            Clarke MacArthur         60     1   2  2  
 2 Cody Hodgson             Ryane Clowe              40     1   2  2  

4 vs 4 Defense
   Defense                  Defense                  Time % Phy DF OF 
 1 Andrei Markov            Victor Hedman            60     1   2  2  
 2 Niklas Hjalmarsson       Christopher Tanev        40     1   2  2  

Last Minutes Offensive
   Center                   Left Wing                Right Wing               Defense                  Defense                  
   Pavel Datsyuk            Ryane Clowe              Brendan Gallagher        Andrei Markov            Victor Hedman            

Last Minutes Defensive
   Center                   Left Wing                Right Wing               Defense                  Defense                  
   Boyd Gordon              James Wright             Kyle Brodziak            Andrei Markov            Victor Hedman            

Goaltenders
Starting : Ben Bishop               
Backup : Jake Allen               

Extra Forwards
Normal : Mason Raymond, Brendan Gallagher, Pavel Datsyuk - PP : Mason Raymond, Brendan Gallagher - PK : James Wright
Extra Defensemen
Normal : Jared Cowen, Willie Mitchell, Niklas Hjalmarsson - PP : Jared Cowen - PK : Willie Mitchell, Niklas Hjalmarsson
Penalty Shots
Pavel Datsyuk, Mason Raymond, Michael Grabner, Cody Hodgson, Kyle Brodziak

% Time on Ice - Predators

Lines # - Real PCT - Wanted PCT - Time Play
Normal Forward
1 - 26% - 35% - 11:40
2 - 30% - 30% - 13:33
3 - 29% - 22% - 13:07
4 - 15% - 13% - 6:46
Normal Defense
1 - 29% - 35% - 13:18
2 - 30% - 30% - 13:28
3 - 30% - 22% - 13:43
4 - 10% - 13% - 4:37
PP Forward
1 - 51% - 60% - 4:05
2 - 49% - 40% - 3:51
PP Defense
1 - 49% - 60% - 3:54
2 - 51% - 40% - 4:02
PK Forward
1 - 85% - 60% - 5:56
2 - 15% - 40% - 1:02
PK Defense
1 - 59% - 60% - 4:05
2 - 41% - 40% - 2:53
PK3 Forward
1 - 0% - 60%
2 - 0% - 40%
PK3 Defense
1 - 0% - 60%
2 - 0% - 40%
44 Forward
1 - 100% - 60% - 5:00
2 - 0% - 40% - 0:00
44 Defense
1 - 53% - 60% - 2:38
2 - 47% - 40% - 2:22
Last Minute Offensive  - 0:00
Last Minute Defensive  - 0:00
Total
Forward - 65:00
Defense - 65:00

% Time on Ice - Canucks

Lines # - Real PCT - Wanted PCT - Time Play
Normal Forward
1 - 29% - 35% - 13:11
2 - 28% - 30% - 12:32
3 - 26% - 22% - 11:42
4 - 17% - 13% - 7:41
Normal Defense
1 - 34% - 35% - 15:19
2 - 33% - 30% - 14:44
3 - 29% - 22% - 13:17
4 - 4% - 13% - 1:46
PP Forward
1 - 51% - 60% - 3:32
2 - 49% - 40% - 3:26
PP Defense
1 - 64% - 60% - 4:27
2 - 36% - 40% - 2:31
PK Forward
1 - 82% - 60% - 6:28
2 - 18% - 40% - 1:28
PK Defense
1 - 72% - 60% - 5:44
2 - 28% - 40% - 2:12
PK3 Forward
1 - 0% - 60%
2 - 0% - 40%
PK3 Defense
1 - 0% - 60%
2 - 0% - 40%
44 Forward
1 - 86% - 60% - 4:19
2 - 14% - 40% - 0:41
44 Defense
1 - 61% - 60% - 3:02
2 - 39% - 40% - 1:58
Last Minute Offensive  - 0:00
Last Minute Defensive  - 0:00
Total
Forward - 65:00
Defense - 65:00

Play by Play

1st period


0:01 of 1st period - Pavel Datsyuk wins face-off versus Antoine Vermette in neutral zone.
0:52 of 1st period - Andy Greene is hit by Ryane Clowe and loses puck.
1:17 of 1st period - Slapshot by Michael Grabner.
1:17 of 1st period - Stopped by Kari Lehtonen with a rebound.
1:19 of 1st period - Snap shot by Niklas Hjalmarsson.
1:19 of 1st period - Shot Blocked by Evander Kane.
1:21 of 1st period - Snap shot by Michael Grabner.
1:21 of 1st period - Stopped by Kari Lehtonen without a rebound.
1:22 of 1st period - Boyd Gordon wins face-off versus Tomas Plekanec in Predators zone.
2:14 of 1st period - Willie Mitchell is hit by Patrick Maroon and loses puck.
2:48 of 1st period - Off-side.
2:49 of 1st period - Patrice Bergeron wins face-off versus Cody Hodgson in neutral zone.
2:52 of 1st period - Michael Grabner is hit by Evander Kane and loses puck.
3:06 of 1st period - Michael Grabner is hit by Eric Fehr.
3:20 of 1st period - Christopher Tanev is hit by Eric Fehr and loses puck.
4:05 of 1st period - Victor Hedman is hit by Corey Perry and loses puck.
4:26 of 1st period - Brian Lashoff is hit by Boyd Gordon and loses puck.
5:27 of 1st period - Snap shot by Evander Kane.
5:27 of 1st period - Stopped by Ben Bishop without a rebound.
5:28 of 1st period - Corey Perry wins face-off versus Cody Hodgson in Canucks zone.
5:46 of 1st period - Snap shot by Patrick Maroon.
5:46 of 1st period - Stopped by Ben Bishop with a rebound.
5:48 of 1st period - Slapshot by Andy Greene.
5:48 of 1st period - Shot Blocked by Cody Hodgson.
5:50 of 1st period - Slapshot by Andy Greene.
5:50 of 1st period - Stopped by Ben Bishop with a rebound.
6:24 of 1st period - Wrist shot by Pavel Datsyuk.
6:24 of 1st period - Shot Blocked by Andy Greene.
7:28 of 1st period - Ben Smith is hit by Ryan White and loses puck.
7:37 of 1st period - Wrist shot by Mason Raymond.
7:37 of 1st period - Shot Misses the Net.
8:04 of 1st period - James Wright is hit by Jyrki Jokipakka and loses puck.
8:17 of 1st period - Wrist shot by Zack Kassian.
8:17 of 1st period - Shot Blocked by Jyrki Jokipakka.
8:33 of 1st period - Snap shot by Cody Hodgson.
8:33 of 1st period - Shot Misses the Net.
8:35 of 1st period - Slapshot by Jared Cowen.
8:35 of 1st period - Shot Misses the Net.
8:37 of 1st period - Snap shot by Cody Hodgson.
8:37 of 1st period - Shot Blocked by Jyrki Jokipakka.
8:39 of 1st period - Wrist shot by Michael Grabner.
8:39 of 1st period - Deflect By Ryane Clowe.
8:39 of 1st period - Stopped by Kari Lehtonen with a rebound.
8:41 of 1st period - Snap shot by Jared Cowen.
8:41 of 1st period - Stopped by Kari Lehtonen with a rebound.
8:43 of 1st period - Snap shot by Cody Hodgson.
8:43 of 1st period - Stopped by Kari Lehtonen with a rebound.
8:45 of 1st period - Snap shot by Cody Hodgson.
8:45 of 1st period - Shot Blocked by Patrice Bergeron.
8:58 of 1st period - Icing by Victor Hedman.
8:59 of 1st period - Tomas Plekanec wins face-off versus Pavel Datsyuk in Canucks zone.
9:08 of 1st period - Slapshot by Damien Brunner.
9:08 of 1st period - Stopped by Ben Bishop with a rebound.
9:10 of 1st period - Slapshot by Brian Lashoff.
9:10 of 1st period - Deflect By Tomas Plekanec.
9:10 of 1st period - Shot Misses the Net.
9:10 of 1st period - Puck is out of play.
9:11 of 1st period - Boyd Gordon wins face-off versus Tomas Plekanec in Canucks zone.
9:32 of 1st period - Wrist shot by Mason Raymond.
9:32 of 1st period - Shot Misses the Net.
10:00 of 1st period - Brian Lashoff is hit by Michael Grabner and loses puck.
10:35 of 1st period - Minor Penalty to Corey Perry for High sticking.
10:36 of 1st period - Pavel Datsyuk wins face-off versus Patrick Maroon in Predators zone.
11:47 of 1st period - Nick Schultz is hit by Cody Hodgson and loses puck.
12:19 of 1st period - Ed Jovanovski is hit by Brendan Gallagher and loses puck.
12:35 of 1st period - Penalty to Corey Perry is over, Corey Perry is back on ice.
12:42 of 1st period - Patrice Bergeron is hit by Ryan White and loses puck.
13:43 of 1st period - Andrei Markov is hit by Tomas Plekanec and loses puck.
14:00 of 1st period - Wrist shot by Patrick Maroon.
14:00 of 1st period - Stopped by Ben Bishop with a rebound.
14:02 of 1st period - Slapshot by Brian Lashoff.
14:02 of 1st period - Shot Misses the Net.
14:04 of 1st period - Backhand shot by Brian Lashoff.
14:04 of 1st period - Stopped by Ben Bishop with a rebound.
14:06 of 1st period - Slapshot by Victor Bartley.
14:06 of 1st period - Shot Blocked by Andrei Markov.
14:51 of 1st period - Snap shot by Corey Perry.
14:51 of 1st period - Stopped by Ben Bishop with a rebound.
15:01 of 1st period - Antoine Vermette is hit by Andrei Markov and loses puck.
15:19 of 1st period - Nick Schultz is hit by Andrei Markov and loses puck.
15:26 of 1st period - Snap shot by Clarke MacArthur.
15:26 of 1st period - Stopped by Kari Lehtonen with a rebound.
16:19 of 1st period - Ben Smith is hit by Ryan White and loses puck.
16:54 of 1st period - Snap shot by Cody Hodgson.
16:54 of 1st period - Shot Misses the Net.
16:56 of 1st period - Slapshot by Cody Hodgson.
16:56 of 1st period - Stopped by Kari Lehtonen with a rebound.
16:58 of 1st period - Snap shot by Ryane Clowe.
16:58 of 1st period - Shot Misses the Net.
17:00 of 1st period - Slapshot by Willie Mitchell.
17:00 of 1st period - Shot Misses the Net.
17:02 of 1st period - Slapshot by Willie Mitchell.
17:02 of 1st period - Shot Hit the Post.
17:09 of 1st period - Minor Penalty to Ryane Clowe for Tripping.
17:10 of 1st period - Boyd Gordon wins face-off versus Patrice Bergeron in Canucks zone.
17:10 of 1st period - Boyd Gordon is hit by Evander Kane.
17:50 of 1st period - Christopher Tanev is hit by Patrice Bergeron and loses puck.
19:09 of 1st period - Penalty to Ryane Clowe is over, Ryane Clowe is back on ice.
19:49 of 1st period - Off-side.
19:50 of 1st period - Pavel Datsyuk wins face-off versus Cody Eakin in neutral zone.
19:57 of 1st period - Slapshot by Pavel Datsyuk.
19:57 of 1st period - Stopped by Kari Lehtonen with a rebound.
Goals for this period are 0 for Predators vs 0 for Canucks.
Shots for this period are 7 for Predators vs 8 for Canucks.

2nd period


0:01 of 2nd period - Antoine Vermette wins face-off versus Pavel Datsyuk in neutral zone.
0:33 of 2nd period - Wrist shot by Clarke MacArthur.
0:33 of 2nd period - Shot Misses the Net.
0:56 of 2nd period - Michael Grabner is hit by Evander Kane and loses puck.
1:05 of 2nd period - Slapshot by Cody Hodgson.
1:05 of 2nd period - Stopped by Kari Lehtonen with a rebound.
1:07 of 2nd period - Slapshot by Christopher Tanev.
1:07 of 2nd period - Stopped by Kari Lehtonen without a rebound.
1:08 of 2nd period - Boyd Gordon wins face-off versus Tomas Plekanec in Predators zone.
1:17 of 2nd period - Snap shot by Mason Raymond.
1:17 of 2nd period - Shot Blocked by Nick Schultz.
1:28 of 2nd period - Minor Penalty to Niklas Hjalmarsson for Hooking.
1:29 of 2nd period - Valtteri Filppula wins face-off versus Boyd Gordon in Canucks zone.
1:38 of 2nd period - Slapshot by Valtteri Filppula.
1:38 of 2nd period - Stopped by Ben Bishop with a rebound.
1:40 of 2nd period - Slapshot by Nick Schultz.
1:40 of 2nd period - Stopped by Ben Bishop without a rebound.
1:41 of 2nd period - Boyd Gordon wins face-off versus Antoine Vermette in Canucks zone.
1:52 of 2nd period - Icing by Ed Jovanovski.
1:53 of 2nd period - Antoine Vermette wins face-off versus Boyd Gordon in Predators zone.
2:08 of 2nd period - Snap shot by Valtteri Filppula.
2:08 of 2nd period - Stopped by Ben Bishop with a rebound.
2:21 of 2nd period - Icing by Nick Schultz.
2:22 of 2nd period - Antoine Vermette wins face-off versus Boyd Gordon in Predators zone.
2:22 of 2nd period - Antoine Vermette is hit by James Wright.
2:51 of 2nd period - Icing by Nick Schultz.
2:52 of 2nd period - Kyle Brodziak wins face-off versus Patrice Bergeron in Predators zone.
3:19 of 2nd period - Slapshot by Boyd Gordon.
3:19 of 2nd period - Stopped by Kari Lehtonen with a rebound.
3:28 of 2nd period - Penalty to Niklas Hjalmarsson is over, Niklas Hjalmarsson is back on ice.
3:45 of 2nd period - Snap shot by Damien Brunner.
3:45 of 2nd period - Shot Misses the Net.
4:33 of 2nd period - Icing by Corey Perry.
4:34 of 2nd period - Antoine Vermette wins face-off versus Cody Hodgson in Predators zone.
4:41 of 2nd period - Jared Cowen is hit by Antoine Vermette and loses puck.
5:05 of 2nd period - Snap shot by Cody Hodgson.
5:05 of 2nd period - Stopped by Kari Lehtonen without a rebound.
5:06 of 2nd period - Patrice Bergeron wins face-off versus Pavel Datsyuk in Predators zone.
5:21 of 2nd period - Snap shot by Evander Kane.
5:21 of 2nd period - Stopped by Ben Bishop without a rebound.
5:22 of 2nd period - Patrice Bergeron wins face-off versus Pavel Datsyuk in Canucks zone.
5:23 of 2nd period - Snap shot by Evander Kane.
5:23 of 2nd period - Shot Misses the Net.
6:33 of 2nd period - Wrist shot by Corey Perry.
6:33 of 2nd period - Shot Misses the Net.
6:35 of 2nd period - Slapshot by Victor Bartley.
6:35 of 2nd period - Stopped by Ben Bishop without a rebound.
6:36 of 2nd period - Antoine Vermette wins face-off versus Cody Hodgson in Canucks zone.
6:41 of 2nd period - Wrist shot by Corey Perry.
6:41 of 2nd period - Deflect By Valtteri Filppula.
6:41 of 2nd period - Shot Misses the Net.
6:41 of 2nd period - Puck is out of play.
6:42 of 2nd period - Tomas Plekanec wins face-off versus Cody Hodgson in Canucks zone.
6:47 of 2nd period - Wrist shot by Damien Brunner.
6:47 of 2nd period - Shot Misses the Net.
6:49 of 2nd period - Wrist shot by Cody Eakin.
6:49 of 2nd period - Shot Misses the Net.
6:51 of 2nd period - Snap shot by Cody Eakin.
6:51 of 2nd period - Stopped by Ben Bishop with a rebound.
7:31 of 2nd period - Minor Penalty to Corey Perry for Tripping.
7:32 of 2nd period - Pavel Datsyuk wins face-off versus Patrick Maroon in Predators zone.
7:55 of 2nd period - Nick Schultz is hit by Michael Grabner and loses puck.
8:10 of 2nd period - Snap shot by Patrick Maroon.
8:10 of 2nd period - Stopped by Ben Bishop with a rebound.
8:12 of 2nd period - Slapshot by Nick Schultz.
8:12 of 2nd period - Shot Blocked by Victor Hedman.
8:30 of 2nd period - Andy Greene is hit by Ryane Clowe and loses puck.
8:41 of 2nd period - Roman Josi is hit by Andrei Markov and loses puck.
9:18 of 2nd period - Roman Josi is hit by Ryane Clowe.
9:31 of 2nd period - Penalty to Corey Perry is over, Corey Perry is back on ice.
9:40 of 2nd period - Ryan White is hit by Corey Perry and loses puck.
9:49 of 2nd period - Cody Eakin is hit by Ryan White and loses puck.
9:56 of 2nd period - Wrist shot by Mason Raymond.
9:56 of 2nd period - Stopped by Kari Lehtonen without a rebound.
9:57 of 2nd period - Kyle Brodziak wins face-off versus Corey Perry in Predators zone.
10:16 of 2nd period - Wrist shot by Patrick Maroon.
10:16 of 2nd period - Deflect By Corey Perry.
10:16 of 2nd period - Stopped by Ben Bishop with a rebound.
10:25 of 2nd period - Icing by Ben Smith.
10:26 of 2nd period - Boyd Gordon wins face-off versus Corey Perry in Predators zone.
10:46 of 2nd period - Wrist shot by Mason Raymond.
10:46 of 2nd period - Stopped by Kari Lehtonen without a rebound.
10:47 of 2nd period - Eric Fehr wins face-off versus Pavel Datsyuk in Predators zone.
10:54 of 2nd period - Brian Lashoff is hit by Clarke MacArthur and loses puck.
11:06 of 2nd period - Slapshot by Victor Bartley.
11:06 of 2nd period - Shot Blocked by Jared Cowen.
12:11 of 2nd period - Wrist shot by Valtteri Filppula.
12:11 of 2nd period - Shot Blocked by Boyd Gordon.
12:38 of 2nd period - Minor Penalty to Andrei Markov for Hooking.
12:39 of 2nd period - Antoine Vermette wins face-off versus Boyd Gordon in Canucks zone.
13:13 of 2nd period - Icing by Eric Fehr.
13:14 of 2nd period - Boyd Gordon wins face-off versus Eric Fehr in Predators zone.
13:23 of 2nd period - Slapshot by Boyd Gordon.
13:23 of 2nd period - Deflect By James Wright.
13:23 of 2nd period - Shot Misses the Net.
13:23 of 2nd period - Puck is out of play.
13:24 of 2nd period - Patrice Bergeron wins face-off versus Boyd Gordon in Predators zone.
14:24 of 2nd period - Roman Josi is hit by Ryan White and loses puck.
14:38 of 2nd period - Penalty to Andrei Markov is over, Andrei Markov is back on ice.
14:50 of 2nd period - Snap shot by Pavel Datsyuk.
14:50 of 2nd period - Stopped by Kari Lehtonen with a rebound.
14:52 of 2nd period - Slapshot by Christopher Tanev.
14:52 of 2nd period - Shot Misses the Net.
14:54 of 2nd period - Snap shot by Brendan Gallagher.
14:54 of 2nd period - Shot Blocked by Victor Bartley.
15:04 of 2nd period - Slapshot by Pavel Datsyuk.
15:04 of 2nd period - Shot Blocked by Antoine Vermette.
15:06 of 2nd period - Snap shot by Christopher Tanev.
15:06 of 2nd period - Stopped by Kari Lehtonen without a rebound.
15:07 of 2nd period - Cody Eakin wins face-off versus Cody Hodgson in Predators zone.
15:24 of 2nd period - Michael Grabner is hit by Roman Josi and loses puck.
16:23 of 2nd period - Nick Schultz is hit by Clarke MacArthur and loses puck.
17:27 of 2nd period - Victor Bartley is hit by Niklas Hjalmarsson and loses puck.
17:39 of 2nd period - Andy Greene is hit by Christopher Tanev and loses puck.
17:44 of 2nd period - Slapshot by Mason Raymond.
17:44 of 2nd period - Shot Misses the Net.
18:14 of 2nd period - Andy Greene is hit by Ryane Clowe and loses puck.
19:10 of 2nd period - Wrist shot by Kyle Brodziak.
19:10 of 2nd period - Stopped by Kari Lehtonen with a rebound.
19:12 of 2nd period - Slapshot by Christopher Tanev.
19:12 of 2nd period - Deflect By Kyle Brodziak.
19:12 of 2nd period - Shot Blocked by Valtteri Filppula.
19:12 of 2nd period - Puck is out of play.
19:13 of 2nd period - Boyd Gordon wins face-off versus Tomas Plekanec in Predators zone.
Goals for this period are 0 for Predators vs 0 for Canucks.
Shots for this period are 8 for Predators vs 9 for Canucks.

3rd period


0:01 of 3rd period - Pavel Datsyuk wins face-off versus Antoine Vermette in neutral zone.
0:36 of 3rd period - Snap shot by Valtteri Filppula.
0:36 of 3rd period - Shot Misses the Net.
0:38 of 3rd period - Slapshot by Valtteri Filppula.
0:38 of 3rd period - Shot Misses the Net.
0:53 of 3rd period - Pavel Datsyuk is hit by Patrice Bergeron and loses puck.
1:10 of 3rd period - Wrist shot by Patrice Bergeron.
1:10 of 3rd period - Shot Blocked by Victor Hedman.
1:12 of 3rd period - Slapshot by Nick Schultz.
1:12 of 3rd period - Deflect By Andrei Markov.
1:12 of 3rd period - Stopped by Ben Bishop with a rebound.
1:14 of 3rd period - Slapshot by Nick Schultz.
1:14 of 3rd period - Stopped by Ben Bishop with a rebound.
1:16 of 3rd period - Slapshot by Nick Schultz.
1:16 of 3rd period - Stopped by Ben Bishop without a rebound.
1:17 of 3rd period - Tomas Plekanec wins face-off versus Cody Hodgson in Canucks zone.
1:30 of 3rd period - Snap shot by Cody Eakin.
1:30 of 3rd period - Shot Blocked by Cody Hodgson.
1:41 of 3rd period - Slapshot by Christopher Tanev.
1:41 of 3rd period - Stopped by Kari Lehtonen with a rebound.
2:04 of 3rd period - Off-side.
2:05 of 3rd period - Antoine Vermette wins face-off versus Boyd Gordon in neutral zone.
2:08 of 3rd period - Willie Mitchell is hit by Roman Josi and loses puck.
2:21 of 3rd period - Wrist shot by Corey Perry.
2:21 of 3rd period - Stopped by Ben Bishop with a rebound.
2:31 of 3rd period - Slapshot by Willie Mitchell.
2:31 of 3rd period - Stopped by Kari Lehtonen without a rebound.
2:32 of 3rd period - Kyle Brodziak wins face-off versus Patrice Bergeron in Predators zone.
2:33 of 3rd period - Wrist shot by Zack Kassian.
2:33 of 3rd period - Shot Misses the Net.
2:37 of 3rd period - Slapshot by Victor Hedman.
2:37 of 3rd period - Shot Blocked by Nick Schultz.
2:39 of 3rd period - Snap shot by James Wright.
2:39 of 3rd period - Shot Misses the Net.
2:41 of 3rd period - Snap shot by Andrei Markov.
2:41 of 3rd period - Stopped by Kari Lehtonen without a rebound.
2:42 of 3rd period - Patrice Bergeron wins face-off versus Kyle Brodziak in Predators zone.
2:52 of 3rd period - Minor Penalty to Nick Schultz for Holding.
2:53 of 3rd period - Pavel Datsyuk wins face-off versus Corey Perry in Predators zone.
4:02 of 3rd period - Snap shot by Cody Hodgson.
4:02 of 3rd period - Stopped by Kari Lehtonen without a rebound.
4:03 of 3rd period - Pavel Datsyuk wins face-off versus Corey Perry in Predators zone.
4:10 of 3rd period - Slapshot by Pavel Datsyuk.
4:10 of 3rd period - Stopped by Kari Lehtonen with a rebound.
4:22 of 3rd period - Victor Bartley is hit by Clarke MacArthur and loses puck.
4:32 of 3rd period - Off-side.
4:33 of 3rd period - Patrice Bergeron wins face-off versus Cody Hodgson in neutral zone.
4:36 of 3rd period - Snap shot by Patrice Bergeron.
4:36 of 3rd period - Shot Misses the Net.
4:52 of 3rd period - Penalty to Nick Schultz is over, Nick Schultz is back on ice.
5:41 of 3rd period - Andy Greene is hit by Boyd Gordon and loses puck.
6:12 of 3rd period - Snap shot by Zack Kassian.
6:12 of 3rd period - Deflect By Kyle Brodziak.
6:12 of 3rd period - Shot Misses the Net.
6:12 of 3rd period - Puck is out of play.
6:13 of 3rd period - Patrice Bergeron wins face-off versus Pavel Datsyuk in Predators zone.
6:44 of 3rd period - Slapshot by Pavel Datsyuk.
6:44 of 3rd period - Shot Blocked by Ed Jovanovski.
6:46 of 3rd period - Slapshot by Willie Mitchell.
6:46 of 3rd period - Stopped by Kari Lehtonen with a rebound.
7:02 of 3rd period - Snap shot by Patrick Maroon.
7:02 of 3rd period - Shot Misses the Net.
7:53 of 3rd period - Slapshot by Tomas Plekanec.
7:53 of 3rd period - Stopped by Ben Bishop with a rebound.
8:03 of 3rd period - Christopher Tanev is hit by Eric Fehr.
8:09 of 3rd period - Wrist shot by Patrice Bergeron.
8:09 of 3rd period - Shot Misses the Net.
8:11 of 3rd period - Slapshot by Andy Greene.
8:11 of 3rd period - Deflect By Niklas Hjalmarsson.
8:11 of 3rd period - Stopped by Ben Bishop without a rebound.
8:12 of 3rd period - Patrice Bergeron wins face-off versus Boyd Gordon in Canucks zone.
8:30 of 3rd period - Snap shot by Valtteri Filppula.
8:30 of 3rd period - Stopped by Ben Bishop without a rebound.
8:31 of 3rd period - Boyd Gordon wins face-off versus Antoine Vermette in Canucks zone.
10:13 of 3rd period - Michael Grabner is hit by Patrice Bergeron and loses puck.
10:51 of 3rd period - Brian Lashoff is hit by Zack Kassian and loses puck.
10:56 of 3rd period - Slapshot by Victor Hedman.
10:56 of 3rd period - Stopped by Kari Lehtonen with a rebound.
11:10 of 3rd period - Minor Penalty to Brian Lashoff for High sticking.
11:11 of 3rd period - Pavel Datsyuk wins face-off versus Patrick Maroon in Predators zone.
11:59 of 3rd period - Wrist shot by Cody Hodgson.
11:59 of 3rd period - Shot Blocked by Patrick Maroon.
12:01 of 3rd period - Snap shot by Andrei Markov.
12:01 of 3rd period - Deflect By Cody Hodgson.
12:01 of 3rd period - Shot Hit the Post.
12:01 of 3rd period - Puck is out of play.
12:02 of 3rd period - Brendan Gallagher wins face-off versus Patrice Bergeron in Predators zone.
12:11 of 3rd period - Snap shot by Ryane Clowe.
12:11 of 3rd period - Deflect By Brendan Gallagher.
12:11 of 3rd period - Goal by Brendan Gallagher - Predators : 0 - Canucks : 1.
12:12 of 3rd period - Patrice Bergeron wins face-off versus Pavel Datsyuk in neutral zone.
12:58 of 3rd period - Icing by Andrei Markov.
12:59 of 3rd period - Cody Hodgson wins face-off versus Tomas Plekanec in Canucks zone.
13:20 of 3rd period - Slapshot by Tomas Plekanec.
13:20 of 3rd period - Shot Misses the Net.
13:22 of 3rd period - Snap shot by Roman Josi.
13:22 of 3rd period - Shot Blocked by Victor Hedman.
13:30 of 3rd period - Roman Josi is hit by Andrei Markov and loses puck.
13:59 of 3rd period - Snap shot by Valtteri Filppula.
13:59 of 3rd period - Shot Blocked by Christopher Tanev.
14:01 of 3rd period - Slapshot by Ed Jovanovski.
14:01 of 3rd period - Shot Misses the Net.
14:03 of 3rd period - Slapshot by Ed Jovanovski.
14:03 of 3rd period - Stopped by Ben Bishop with a rebound.
14:05 of 3rd period - Backhand shot by Nick Schultz.
14:05 of 3rd period - Deflect By Valtteri Filppula.
14:05 of 3rd period - Goal by Valtteri Filppula - Predators : 1 - Canucks : 1.
14:06 of 3rd period - Patrice Bergeron wins face-off versus Brendan Gallagher in neutral zone.
14:11 of 3rd period - Snap shot by Evander Kane.
14:11 of 3rd period - Stopped by Ben Bishop without a rebound.
14:12 of 3rd period - Antoine Vermette wins face-off versus Pavel Datsyuk in Canucks zone.
14:20 of 3rd period - Minor Penalty to Brendan Gallagher for Interference.
14:21 of 3rd period - Antoine Vermette wins face-off versus Boyd Gordon in Canucks zone.
14:33 of 3rd period - Wrist shot by Corey Perry.
14:33 of 3rd period - Shot Misses the Net.
14:45 of 3rd period - Wrist shot by Valtteri Filppula.
14:45 of 3rd period - Deflect By Andrei Markov.
14:45 of 3rd period - Shot Misses the Net.
14:45 of 3rd period - Puck is out of play.
14:46 of 3rd period - Patrice Bergeron wins face-off versus Boyd Gordon in Canucks zone.
15:47 of 3rd period - Boyd Gordon is hit by Ed Jovanovski and loses puck.
16:20 of 3rd period - Penalty to Brendan Gallagher is over, Brendan Gallagher is back on ice.
16:27 of 3rd period - Nick Schultz is hit by Clarke MacArthur and loses puck.
16:40 of 3rd period - Cody Eakin is hit by Kyle Brodziak and loses puck.
16:52 of 3rd period - Kyle Brodziak is hit by Andy Greene and loses puck.
17:52 of 3rd period - Snap shot by Cody Hodgson.
17:52 of 3rd period - Stopped by Kari Lehtonen with a rebound.
18:34 of 3rd period - Willie Mitchell is hit by Ben Smith and loses puck.
18:57 of 3rd period - Wrist shot by Cody Hodgson.
18:57 of 3rd period - Shot Blocked by Ben Smith.
19:15 of 3rd period - Snap shot by Zack Kassian.
19:15 of 3rd period - Deflect By Kyle Brodziak.
19:15 of 3rd period - Stopped by Kari Lehtonen with a rebound.
19:21 of 3rd period - Snap shot by Kyle Brodziak.
19:21 of 3rd period - Deflect By Zack Kassian.
19:21 of 3rd period - Shot Misses the Net.
19:21 of 3rd period - Puck is out of play.
19:22 of 3rd period - Patrice Bergeron wins face-off versus Kyle Brodziak in Predators zone.
19:39 of 3rd period - Snap shot by Roman Josi.
19:39 of 3rd period - Shot Blocked by Christopher Tanev.
19:45 of 3rd period - Roman Josi is hit by Boyd Gordon and loses puck.
19:50 of 3rd period - Wrist shot by Mason Raymond.
19:50 of 3rd period - Shot Misses the Net.
19:52 of 3rd period - Wrist shot by Mason Raymond.
19:52 of 3rd period - Shot Misses the Net.
19:54 of 3rd period - Slapshot by Willie Mitchell.
19:54 of 3rd period - Deflect By Mason Raymond.
19:54 of 3rd period - Shot Blocked by Patrice Bergeron.
19:54 of 3rd period - Puck is out of play.
19:55 of 3rd period - Tomas Plekanec wins face-off versus Pavel Datsyuk in Predators zone.
Goals for this period are 1 for Predators vs 1 for Canucks.
Shots for this period are 10 for Predators vs 10 for Canucks.

Overtime #1


0:01 of 1st overtime period - Pavel Datsyuk wins face-off versus Corey Perry in neutral zone.
0:06 of 1st overtime period - Snap shot by Pavel Datsyuk.
0:06 of 1st overtime period - Stopped by Kari Lehtonen with a rebound.
0:18 of 1st overtime period - Wrist shot by Antoine Vermette.
0:18 of 1st overtime period - Stopped by Ben Bishop without a rebound.
0:19 of 1st overtime period - Antoine Vermette wins face-off versus Pavel Datsyuk in Canucks zone.
1:07 of 1st overtime period - Andrei Markov is hit by Roman Josi and loses puck.
2:09 of 1st overtime period - Ed Jovanovski is hit by Andrei Markov and loses puck.
2:16 of 1st overtime period - Victor Hedman is hit by Tomas Plekanec and loses puck.
3:12 of 1st overtime period - Andy Greene is hit by Christopher Tanev and loses puck.
4:14 of 1st overtime period - Wrist shot by Tomas Plekanec.
4:14 of 1st overtime period - Stopped by Ben Bishop with a rebound.
4:38 of 1st overtime period - Tomas Plekanec is hit by Victor Hedman and loses puck.
4:46 of 1st overtime period - Icing by Ed Jovanovski.
4:47 of 1st overtime period - Brendan Gallagher wins face-off versus Tomas Plekanec in Predators zone.
4:48 of 1st overtime period - Wrist shot by Clarke MacArthur.
4:48 of 1st overtime period - Stopped by Kari Lehtonen with a rebound.
4:50 of 1st overtime period - Snap shot by Brendan Gallagher.
4:50 of 1st overtime period - Stopped by Kari Lehtonen with a rebound.
Goals for this period are 0 for Predators vs 0 for Canucks.
Shots for this period are 2 for Predators vs 3 for Canucks.

ShootOut


5:00 of 1st overtime period - Penalty Shot by Corey Perry for Predators.
5:00 of 1st overtime period - Deke by Corey Perry.
5:00 of 1st overtime period - Goal by Corey Perry.
5:00 of 1st overtime period - Penalty Shot by Pavel Datsyuk for Canucks.
5:00 of 1st overtime period - Wrist shot by Pavel Datsyuk.
5:00 of 1st overtime period - Stopped by Kari Lehtonen.
5:00 of 1st overtime period - Penalty Shot by Antoine Vermette for Predators.
5:00 of 1st overtime period - Backhand shot by Antoine Vermette.
5:00 of 1st overtime period - Stopped by Ben Bishop.
5:00 of 1st overtime period - Penalty Shot by Mason Raymond for Canucks.
5:00 of 1st overtime period - Backhand shot by Mason Raymond.
5:00 of 1st overtime period - Shot Misses the Net.
5:00 of 1st overtime period - Penalty Shot by Patrice Bergeron for Predators.
5:00 of 1st overtime period - Deke by Patrice Bergeron.
5:00 of 1st overtime period - Goal by Patrice Bergeron.


Output by the SimonT Hockey Simulator (STHS) for Eric Dolegowski -- Original Page W3C XHTML 1.0 Valid
Hockey Simulator - Hockey Simulation - Hockey Manager